Map: Frozen Temple

Players

Gracz

  • Race: Zerg Zerg
  • League: Silver

Smish - Winner!

  • Race: Zerg Zerg
  • League: Silver

VOD

Have the link to the VOD?

Description

Time

  • Played on: Oct. 26, 2016, 2:33 p.m.
  • Length: 4:57
Show
View Real Time Build Order
Export as new Build Order

Gracz Zerg 

Build Orders: Hatch First 

Get SALT Encoding   

  12  0:05  Drone  
  13  0:09  Drone  
  14  0:17  Overlord  
  14  0:36  Drone x2  
  14  0:37  Extractor  
  15  0:54  Unknown, Hatchery  
  14  1:01  Drone x2  
  16  1:10  Drone  
  17  1:25  Spawning Pool  
  16  1:36  Drone x3  
  19  1:42  Extractor  
  18  1:53  Drone  
  19  2:00  Drone  
  20  2:06  Unknown  
  20  2:09  Drone x2  
  22  2:19  Queen x2  
  26  2:38  Drone x2  
  28  2:56  Lair  
  28  3:11  Roach Warren  
  27  3:16  Evolution Chamber, Queen  
  28  3:20  Evolution Chamber  
  28  3:21  Drone  
  28  3:27  Overlord x3  
  28  3:46  Spine Crawler  
  23  3:49  Spine Crawler, Zergling x6  
  23  3:50  Zergling x2  
  26  4:02  Roach  
  26  4:03  Roach  
  26  4:20  Roach  
  26  4:21  Roach x2  
Show
View Real Time Build Order
Export as new Build Order

Smish Zerg - Winner!

Build Orders: Hatch First, Zergling Baneling 

Get SALT Encoding   

  12  0:01  Drone  
  13  0:12  Overlord  
  13  0:18  Drone  
  14  0:45  Unknown, Hatchery  
  13  0:52  Drone x2  
  13  0:54  Drone  
  16  1:00  Extractor  
  16  1:03  Drone  
  16  1:19  Spawning Pool, Drone  
  16  1:26  Drone  
  17  1:35  Drone  
  18  1:55  Drone  
  18  1:56  Unknown x2, Hatchery  
  18  2:00  Drone  
  19  2:03  Drone  
  20  2:10  Overlord  
  20  2:14  Zergling x2  
  21  2:18  Drone  
  21  2:22  Drone  
  23  2:28  Metabolic Boost  
  23  2:36  Zergling x4  
  25  2:44  Zergling x4  
  27  2:49  Queen  
  29  2:52  Zergling x2  
  29  2:55  Zergling x2  
  31  3:05  Zergling x2  
  32  3:06  Baneling Nest  
  32  3:07  Zergling x2  
  32  3:08  Unknown  
  32  3:11  Zergling x2  
  33  3:21  Zergling x2  
  33  3:22  Zergling x4  
  36  3:32  Zergling x4  
  36  3:33  Zergling x2  
  39  3:50  Zergling x6  
  39  3:52  Overlord x2  
  42  4:01  Baneling x4  
  42  4:02  Baneling x2  
  38  4:18  Zergling x8  
  38  4:19  Zergling x6  
  43  4:25  Zergling x4  
  44  4:33  Zergling x6  
  44  4:39  Baneling x2  
Tags
 
Add a new tag
Caveats
  • Supply blocks, unpowered buildings, or Contaminate may cause inaccurate times.
  • Supply counts are checked every 10 seconds.